 Dungeon Crawl Stone Soup version 0.20-a0-871-g785f14b (webtiles) character file.

121 krabocopter the Conjurer (level 4, -2/30 HPs)
             Began as a Mummy Conjurer on Mar 14, 2017.
             Slain by a sky beast (5 damage)
             ... on level 3 of the Dungeon.
             The game lasted 00:07:40 (3034 turns).

krabocopter the Conjurer (Mummy Conjurer)           Turns: 3034, Time: 00:07:40

Health: -2/30      AC:  3    Str: 11    XL:     4   Next: 77%
Magic:  2/8        EV: 12    Int: 15    God:
Gold:   127        SH:  0    Dex: 12    Spells: 5/8 levels left

rFire    x . .     SeeInvis .   g - +0 dagger
rCold    + . .     Gourm    .   a - +0 robe
rNeg     + + +     Faith    .   (no shield)
rPois    ∞         Spirit   .   (no helmet)
rElec    .         Reflect  .   e - +0 cloak
rCorr    .         Harm     .   (no gloves)
MR       .....                  (no boots)
Stlth    ++........             f - amulet of regeneration
Regen    0.5/turn               (no ring)
MPRegen  0.2/turn               (no ring)

@: no status effects
A: no food or potions, fire vulnerability, cold resistance 1, negative energy
resistance 3, torment resistance, unbreathing
a: no special abilities


You were on level 3 of the Dungeon.
You were not hungry.

You visited 1 branch of the dungeon, and saw 3 of its levels.

You collected 127 gold pieces.

Inventory:

Hand Weapons
 g - a +0 dagger (weapon)
Armour
 a - a +0 robe (worn)
 e - a +0 cloak (worn)
Jewellery
 f - an amulet of regeneration (around neck)
Scrolls
 c - 2 scrolls of blinking {unknown}
 d - a scroll of identify {unknown}
 h - a scroll of fear {unknown}
 i - a scroll of recharging
 j - a scroll of amnesia {unknown}
 k - a scroll of noise {unknown}
 l - a scroll of enchant weapon {unknown}
Books
 b - a book of Conjurations

   Spells                             Type                      Level
   a - Magic Dart                     Conjuration                  1
   b - Searing Ray                    Conjuration                  2
   c - Dazzling Spray                 Conjuration/Hexes            3
   d - Fulminant Prism                Conjuration/Hexes            4
   e - Force Lance                    Conjuration/Translocation    4
   f - Iskenderun's Mystic Blast      Conjuration                  4


   Skills:
 - Level 1.5 Dodging
 + Level 2.7 Stealth
 - Level 2.6 Spellcasting
 * Level 4.6 Conjurations


You had 5 spell levels left.
You knew the following spells:

 Your Spells              Type           Power        Failure   Level  Hunger
a - Magic Dart            Conj           ###.         3%          1    N/A
b - Searing Ray           Conj           ###...       6%          2    N/A

Dungeon Overview and Level Annotations

Branches:
Dungeon (3/15)

Altars:
Makhleb
Xom


Innate Abilities, Weirdness & Mutations

You do not eat or drink.
Your flesh is vulnerable to fire.
You are immune to poison.
Your flesh is cold resistant. (rC+)
You are immune to negative energy. (rN+++)
You are immune to unholy pain and torment.
You can survive without breathing.


Message History

* * * LOW HITPOINT WARNING * * *
You take 11 damage, and have 5/30 hp.
MASSIVE DAMAGE!!
You now have 2/8 mp.
You can't drink.
You can't drink.
Okay, then.
Okay, then.
You don't know that spell.
Unknown command.
Okay, then.
Okay, then.
Okay, then.
As you read the scroll labeled UTYJAQEOJE, it crumbles to dust.
It is a scroll of recharging.
You aren't carrying any rechargeable items.
Something hits you but does no damage.
There are no items here.
Something hits you.
* * * LOW HITPOINT WARNING * * *
Something shocks you.
You die...

#### #.. ... ....
#.###########....
#..##............
#....###........
######.#..###......#
#....@.##..........#
#....{.#####.......##
#......# #.........
#......# ##......##
#......# #.....###
#####.w....#####.###.#
#................# ...
#.......#....#####
##.. #.......#<...# #


You could see a dart slug.

Vanquished Creatures
  A gnoll (D:2)
  4 adders
  2 oozes (D:1)
  A worm (D:2)
  2 dart slugs
  A leopard gecko (D:1)
  7 goblins
  8 hobgoblins
  2 jackals (D:1)
  10 kobolds
  A quokka (D:2)
  8 bats
  6 frilled lizards
  7 rats
60 creatures vanquished.

Notes
Turn   | Place    | Note
-------+----------+-------------------------------------------
     0 | D:1      | krabocopter the Mummy Conjurer began the quest for the Orb.
     0 | D:1      | Reached XP level 1. HP: 13/13 MP: 4/4
   211 | D:1      | Reached XP level 2. HP: 15/19 MP: 0/5
   927 | D:1      | Reached XP level 3. HP: 24/24 MP: 4/7
  1092 | D:1      | Reached skill level 4 in Conjurations
  1910 | D:2      | Found a shimmering altar of Xom.
  1929 | D:2      | Reached XP level 4. HP: 30/30 MP: 4/8
  1938 | D:2      | Found a burning altar of Makhleb.
  2728 | D:2      | Learned a level 2 spell: Searing Ray
  3005 | D:3      | Noticed a sky beast
  3034 | D:3      | Slain by a sky beast

Vault maps used:
D:1:      dpeg_arrival_rooms_c
D:2:      grunt_temple_overflow_open
D:3:      lemuel_coloured_pillars_altar, lemuel_doored_altar, first_bread,
          uniq_natasha, uniq_grinder

Skill      XL: |  1  2  3 |
---------------+----------+-----
Stealth        | 2 |  2.7
Conjurations   | 4 |  4.6
Dodging        | |  1.5
Spellcasting   | |  2.6

Action                   |  1- 3 |  4- 6 || total
-------------------------+-------+-------++-------
Melee: Dagger            |    19 |       ||    19
       Unarmed           |     1 |       ||     1
 Cast: Magic Dart        |    88 |    54 ||   142
  Use: Scroll            |       |     1 ||     1
Armor: Robe              |     6 |     3 ||     9
Dodge: Dodged            |    21 |     5 ||    26
